 Dungeon Sprint DCSS version 0.31-a0-1576-ga3383bade6 (webtiles) character file.

Game seed: 14010698797649301240

11939 sircluck the Brawler (level 11, -32/175 HPs)
             Began as a Troll Berserker on Jan 4, 2024.
             Was the Champion of Trog.
             Annihilated by an azure jelly (34 damage)
             ... in the Dungeon (Sprint III: "The Ten Rune Challenge").
             The game lasted 00:04:37 (1531 turns).

sircluck the Brawler (Troll Berserker)              Turns: 1531, Time: 00:04:38

Health: -32/175    AC:  6    Str: 30    XL:     11   Next: 55%
Magic:  10/10      EV: 13    Int:  7    God:    Trog [******]
Gold:   1790       SH:  0    Dex:  8    Spells: 10/10 levels left

rFire   . .          .
                       - Unarmed
rCold   . . .        (no shield)
rNeg    . . .        a - +0 animal skin
rPois   .            o - +0 hat {Will+}
rElec   .            h - +1 cloak
rCorr   .            (gloves unavailable)
SInv    .            (boots unavailable)
Will    +....        (no amulet) Stlth
                     (no ring)
HPRegen 1.29/turn    (no ring)
MPRegen 0.12/turn

%: no teleportation
@: berserking, very quick
A: large, unfitting armour, claws 3, regeneration 1, shaggy fur 1, tough skin 1,
clever 1, frail 1
a: Renounce Religion, Berserk, Trog's Hand, Brothers in Arms


You were in the Dungeon.
You worshipped Trog.
Trog was exalted by your worship.
You visited 1 branch You collected 1790 gold pieces.

Inventory:

Armour
 a - a +0 animal skin (worn)
 h - a +1 cloak (worn)
 o - a +0 hat of willpower (worn)
Wands
 i - a wand of roots (7)
Scrolls
 g - a scroll of blinking
 j - a scroll of immolation {unknown}
 k - 3 scrolls of identify
 m - a scroll of torment {unknown}
Potions
 b - 2 potions of curing
 c - 2 potions of heal wounds
 d - 3 potions of haste
 e - 2 potions of magic
 f - a potion of berserk rage
 l - 3 potions of enlightenment {unknown}
 p - 2 potions of might {unknown}
Miscellaneous
 n - a phial of floods


   Skills:
 + Level 14.7 Fighting
 + Level 14.5 Dodging
 + Level 17.0 Unarmed Combat


You had 10 spell levels left.
You didn't know any spells.
Your spell library was empty.

Dungeon Overview and Level Annotations

Branches:
Dungeon (1/1)

Altars:
Cheibriados
Dithmenos
Elyvilon
Fedhas
Gozag
Hepliaklqana
Kikubaaqudgha
Makhleb
Nemelex Xobeh
Okawaru
Qazlal
Ru
Sif Muna
Trog
Uskayaw
Vehumet
Wu Jian
Xom
Yredelemnul
Zin
The Shining One
Jiyva
Lugonu

Shops:
D *

Annotations:
D exclusion: 2 doors


Innate Abilities, Weirdness & Mutations

You are too large for most types of armour.
You have claws for hands.
Your natural rate of healing is unusually fast.
You are covered in fur. (AC +1)
You have tough skin. (AC +1)
Your mind is acute. (Int +4, Str/Dex -1)
You are frail. (-10% HP)


Message History

The azure jelly hits your deep troll.
Your deep troll dies!
Your deep troll's corpse disappears in a puff of smoke!
Items here: % ) [ †.
A red film seems to cover your vision as you go berserk!
You feel yourself moving faster!
You feel mighty!
The azure jelly hits you but does no damage.
The azure jelly completely misses you. The azure jelly hits you.
The azure jelly closely misses you.
You claw the azure jelly!
The azure jelly is lightly wounded.
You mangle the azure jelly!!
The azure jelly is heavily wounded.
The azure jelly hits you but does no damage.
The azure jelly barely misses you. The azure jelly hits you!
The azure jelly hits you.
You barely miss the azure jelly.
The azure jelly is heavily wounded.
The azure jelly hits you. The azure jelly freezes you!!
The azure jelly completely misses you. The azure jelly hits you.
The azure jelly hits you but does no damage.
You mangle the azure jelly!!
The azure jelly is almost dead.
You barely miss the azure jelly. Your claw misses the azure jelly.
The azure jelly is almost dead.
The azure jelly hits you but does no damage.
The azure jelly hits you. The azure jelly freezes you!!
The azure jelly hits you. x2
You barely miss the azure jelly.
The azure jelly is almost dead.
You scratch the azure jelly.
The azure jelly is almost dead.
The azure jelly hits you.
* * * LOW HITPOINT WARNING * * *
The azure jelly freezes you!!!
* * * LOW HITPOINT WARNING * * *
The azure jelly hits you.
* * * LOW HITPOINT WARNING * * *
The azure jelly freezes you!!
You die...

▓.................#___#__
▓▓▓▓▓▓▓▓▓▓▓▓▓▓▓▓▓▓▓▓▓▓▓▓▓
▓...)~~~≈≈.≈~≈♣♣.....♣♣♣
▓..†#~≈≈§§§~~~♣♣.≈≈≈≈÷♣♣
▓..P#~~≈§§§≈≈≈)'.....#.†
▓...#.≈~§~§≈≈≈♣♣♣♣♣♣♣#..
▓..[#≈.~~.≈≈≈≈♣ ###
▓##'####+######
▓..JJJJ@.......
▓#'############ ▓...#
▓...+ ▓...# ▓...# #+###


You could see 4 azure jellies.

Vanquished Creatures
  Gastronok (D)
  2 dire elephants (D)
  Erolcha (D)
  3 orc high priests (D)
  A deep elf pyromancer (D)
  2 cane toads (D)
  2 elephants (D)
  A rime drake (D)
  A komodo dragon (D)
  5 blink frogs (D)
  3 wandering mushrooms (D)
  A shadow (D)
  2 redbacks (D)
  A spatial vortex (D)
  4 orc warriors (D)
  A swamp drake (D)
  5 two-headed ogres (D)
  A necrophage (D)
  A water elemental (D)
  A jelly (D)
  2 orc priests (D)
  An arcanist (D)
  Crazy Yiuf (D)
  2 orc wizards (D)
  A necromancer (D)
  3 humans (D)
  A kobold demonologist (D)
  7 orcs (D)
  An endoplasm (D)
  3 rats (D)
61 creatures vanquished.

Vanquished Creatures (collateral kills)
  Rupert (D)
1 creature vanquished.

Grand Total: 62 creatures vanquished

Notes
Turn   | Place    | Note
-------+----------+-------------------------------------------
     0 | D        | sircluck the Troll Berserker began the quest for the Orb.
     0 | D        | Reached XP level 1. HP: 22/22 MP: 0/0
    23 | D        | Reached ** piety under Trog
    51 | D        | Reached skill level 4 in Unarmed Combat
    51 | D        | Reached XP level 2. HP: 7/31 MP: 1/1
    76 | D        | Noticed Crazy Yiuf
    83 | D        | Killed Crazy Yiuf
    84 | D        | Reached skill level 5 in Unarmed Combat
    84 | D        | Reached XP level 3. HP: 39/39 MP: 2/2
   105 | D        | Gained mutation: You are weak. (Str -2) [potion of
                  | mutation]
   105 | D        | Gained mutation: Your flesh is cold resistant. (rC+)
                  | [potion of mutation]
   106 | D        | Lost mutation: You are weak. (Str -2) [potion of mutation]
   106 | D        | Lost mutation: Your flesh is cold resistant. (rC+) [potion
                  | of mutation]
   106 | D        | Gained mutation: You have a pair of small horns on your
                  | head. [potion of mutation]
   107 | D        | Lost mutation: You have a pair of small horns on your head.
                  | [potion of mutation]
   107 | D        | Gained mutation: You have hidden genetic defects. [potion
                  | of mutation]
   107 | D        | Gained mutation: You occasionally lose the ability to read
                  | scrolls when taking damage. [potion of mutation]
   107 | D        | Gained mutation: Your flesh is heat resistant. (rF+)
                  | [potion of mutation]
   108 | D        | Lost mutation: Your flesh is heat resistant. (rF+) [potion
                  | of mutation]
   108 | D        | Lost mutation: You have hidden genetic defects. [potion of
                  | mutation]
   108 | D        | Lost mutation: You occasionally lose the ability to read
                  | scrolls when taking damage. [potion of mutation]
   108 | D        | Gained mutation: You are frail. (-10% HP) [potion of
                  | mutation]
   108 | D        | Lost mutation: You are frail. (-10% HP) [potion of
                  | mutation]
   109 | D        | Gained mutation: You are frail. (-10% HP) [potion of
                  | mutation]
   109 | D        | Gained mutation: Your mind is acute. (Int +4, Str/Dex -1)
                  | [potion of mutation]
   125 | D        | Noticed a water elemental
   131 | D        | Killed a water elemental
   131 | D        | Reached *** piety under Trog
   132 | D        | Reached skill level 5 in Fighting
   132 | D        | Reached skill level 5 in Dodging
   132 | D        | Reached skill level 6 in Unarmed Combat
   132 | D        | Reached XP level 4. HP: 13/45 MP: 3/3
   165 | D        | Found a glowing silver altar of Zin.
   165 | D        | Found a glowing golden altar of the Shining One.
   165 | D        | Found a white marble altar of Elyvilon.
   167 | D        | Noticed a deep elf pyromancer
   171 | D        | Killed a deep elf pyromancer
   172 | D        | Reached skill level 9 in Unarmed Combat
   172 | D        | Reached XP level 5. HP: 56/56 MP: 4/4
   172 | D        | Reached XP level 6. HP: 64/64 MP: 5/5
   221 | D        | Found a hide-covered altar of Uskayaw.
   221 | D        | Found an iron altar of Okawaru.
   221 | D        | Found a bloodstained altar of Trog.
   221 | D        | Found an ornate altar of the Wu Jian Council.
   221 | D        | Noticed a human
   221 | D        | Noticed a human
   229 | D        | Killed a human
   230 | D        | Reached XP level 7. HP: 21/72 MP: 6/6
   237 | D        | Killed a human
   237 | D        | Reached **** piety under Trog
   238 | D        | Reached skill level 10 in Unarmed Combat
   288 | D        | Found a basalt altar of Yredelemnul.
   288 | D        | Found a shadowy altar of Dithmenos.
   288 | D        | Found a sacrificial altar of Ru.
   322 | D        | Noticed a shadow
   334 | D        | Killed a shadow
   334 | D        | Reached ***** piety under Trog
   335 | D        | Reached XP level 8. HP: 12/82 MP: 7/7
   505 | D        | Found a radiant altar of Vehumet.
   505 | D        | Found a shimmering blue altar of Sif Muna.
   505 | D        | Found an ancient bone altar of Kikubaaqudgha.
   544 | D        | Reached skill level 11 in Unarmed Combat
   549 | D        | Identified the +2 broad axe "Onidouza" {flame, Stlth+}
                  | (Trog gifted it to you in the Dungeon)
   549 | D        | Received a gift from Trog
   555 | D        | Found a blossoming altar of Fedhas.
   555 | D        | Found a stormy altar of Qazlal.
   555 | D        | Found a snail-covered altar of Cheibriados.
   555 | D        | Found a burning altar of Makhleb.
   555 | D        | Found a shimmering altar of Xom.
   556 | D        | Found a hazy altar of Hepliaklqana.
   556 | D        | Found an opulent altar of Gozag.
   556 | D        | Found a sparkling altar of Nemelex Xobeh.
   556 | D        | Found a corrupted altar of Lugonu.
   556 | D        | Found a viscous altar of Jiyva.
   607 | D        | Noticed a two-headed ogre
   613 | D        | Killed a two-headed ogre
   614 | D        | Reached skill level 10 in Fighting
   660 | D        | Noticed Erolcha
   660 | D        | Noticed a two-headed ogre
   664 | D        | Killed Erolcha
   665 | D        | Reached skill level 10 in Dodging
   665 | D        | Reached skill level 12 in Unarmed Combat
   665 | D        | Reached XP level 9. HP: 91/91 MP: 8/8
   668 | D        | Killed a two-headed ogre
   714 | D        | Reached ****** piety under Trog
   715 | D        | Reached skill level 13 in Unarmed Combat
   720 | D        | Noticed a wandering mushroom
   731 | D        | Noticed a wandering mushroom
   733 | D        | Noticed a wandering mushroom
   745 | D        | Killed a wandering mushroom
   796 | D        | Received a gift from Trog
   807 | D        | Noticed an orc high priest
   814 | D        | Noticed an orange demon
   819 | D        | Killed an orc high priest
   820 | D        | Reached skill level 14 in Unarmed Combat
   820 | D        | Reached XP level 10. HP: 63/103 MP: 9/9
   824 | D        | Received a gift from Trog
   834 | D        | Found Roll's Assorted Antiques.
   835 | D        | Noticed an orc high priest
   837 | D        | Noticed an orc high priest
   841 | D        | Noticed a rust devil
   844 | D        | Killed an orc high priest
   846 | D        | Killed an orc high priest
   857 | D        | Received a gift from Trog
  1123 | D        | Noticed a cane toad
  1123 | D        | Noticed a cane toad
  1127 | D        | Killed a cane toad
  1131 | D        | Reached skill level 15 in Unarmed Combat
  1134 | D        | Killed a cane toad
  1338 | D        | Received a gift from Trog
  1423 | D        | Noticed an elephant
  1423 | D        | Noticed an elephant
  1423 | D        | Noticed a dire elephant
  1424 | D        | Noticed a dire elephant
  1427 | D        | Killed an elephant
  1428 | D        | Reached XP level 11. HP: 114/114 MP: 10/10
  1428 | D        | Noticed Gastronok
  1435 | D        | Killed a dire elephant
  1437 | D        | Reached skill level 16 in Unarmed Combat
  1441 | D        | Killed a dire elephant
  1441 | D        | Received a gift from Trog
  1450 | D        | Killed Gastronok
  1490 | D        | Noticed an azure jelly
  1490 | D        | Noticed an azure jelly
  1490 | D        | Noticed an azure jelly
  1491 | D        | Noticed an azure jelly
  1498 | D        | Noticed Rupert
  1510 | D        | Killed Rupert
  1511 | D        | Reached skill level 17 in Unarmed Combat
  1531 | D        | HP: 8/175 [azure jelly (41)]
  1531 | D        | HP: 2/175 [azure jelly (6)]
  1531 | D        | Annihilated by an azure jelly

Illustrated notes

Levels and vault maps discovered:
D:        dungeon_sprint_mu [sprint_mu_entry_forest, sprint_mu_temple_rooms,
          sprint_mu_d1_spiders, sprint_mu_d2_genie, sprint_mu_d3_branching,
          sprint_mu_orc_legion, sprint_mu_elf_gauntlet, sprint_mu_hive_nellie,
          sprint_mu_lair_fedhas, sprint_mu_vaults_butterflies,
          sprint_mu_slime_circle, sprint_mu_shoals_kraken,
          sprint_mu_snake_twists, sprint_mu_blade_basic,
          sprint_mu_crypt_chambers, sprint_mu_tomb_spiral,
          sprint_mu_vestibule_basic, sprint_mu_gehenna_hellfire,
          sprint_mu_dis_giant, sprint_mu_tartarus_statrot,
          sprint_mu_cocytus_islands, sprint_mu_zot1]

Skill      XL: |  1  2  3  4  5  6  7  8  9 10 11 |
---------------+----------------------------------+-----
Fighting       | 3 4 5 7 8 9 10 12 13 14 | 14.7
Dodging        | 3 4 5 7 8 9 10 11 13 14 | 14.5
Unarmed Combat | 4 5 6 9 10 12 14 15 17 | 17.0

Action                     |  1- 3 |  4- 6 |  7- 9 | 10-12 || total
---------------------------+-------+-------+-------+-------++-------
  Melee: Unarmed           |    28 |    11 |    87 |    80 ||   206
         Punch             |     1 |       |     7 |     5 ||    13
 Invoke: Berserk           |       |     1 |     1 |     4 ||     6
         Brothers in Arms  |       |       |       |     2 ||     2
    Use: Potion            |     5 |       |       |       ||     5
 Armour: Animal skin       |    15 |     7 |    33 |    52 ||   107
  Dodge: Dodged            |    12 |     2 |    29 |    25 ||    68

Table legend: (Time is in decaauts)
 A = Elapsed time spent in this place.
 B = Non-inter-level travel time spent in this place.
 C = Inter-level travel time spent in this place.
 D = Time resting spent in this place.
 E = Time spent auto-exploring this place.
 F = Levels seen in this place.
 G = Mean time per level.
                   A        B        C        D        E       F      G
               +--------+--------+--------+--------+--------+-----+--------+
         Total |   1533 |   1358 |    175 |    567 |    396 |   1 | 1533.0 |
       Dungeon |   1533 |   1358 |    175 |    567 |    396 |   1 | 1533.0 |
               +--------+--------+--------+--------+--------+-----+--------+

Top non-repeatable levels by time:
       D: 1533 daAuts
